Sabres vs Whalers
(R1)
Created - 5 novembre 2012 at 19:08
Simulating a Pre-Season
Goals
|
| Sabres |
3 |
0 |
0 |
3 |
| Whalers |
2 |
1 |
2 |
5 |
|
Shots
|
| Sabres |
12 |
11 |
4 |
27 |
| Whalers |
8 |
13 |
14 |
35 |
|
1st period
1. Sabres , Boyd Devereaux 1 (Jason Ward, Sami Salo) at 9:49
2. Sabres , Andreas Johansson 3 (Brendan Morrison) at 10:07
3. Whalers , Chad Kilger 1 (Nils Ekman, Darryl Sydor) at 14:54
4. Whalers , Todd Bertuzzi 2 (Pavel Datsyuk) at 18:32 (PP)
5. Sabres , Brendan Morrison 1 (Michal Rozsival, Niclas Bergfors) at 19:41
Penalties :
Michael Rupp (Har) for Hooking (Minor) at 3:39, Boyd Devereaux (Buf) for Slashing (Minor) at 3:39, Daymond Langkow (Har) for Hooking (Minor) at 7:48, Brendan Morrison (Buf) for Hooking (Minor) at 17:06
2nd period
6. Whalers , Dominic Moore 1 (Nils Ekman, Dan McGillis) at 1:13
Penalties :
Dan McGillis (Har) for Hooking (Minor) at 3:25, Martin Sonnenberg (Buf) for Tripping (Minor) at 5:42, Todd Bertuzzi (Har) for Tripping (Minor) at 6:53, Niclas Bergfors (Buf) for Hooking (Minor) at 7:52, Filip Kuba (Har) for Hooking (Minor) at 13:11
3rd period
7. Whalers , Chad Kilger 2 (B.J. Crombeen) at 3:20
8. Whalers , Dan McGillis 1 (Filip Kuba, Pavel Datsyuk) at 7:26 (PP)
Penalties :
Michal Rozsival (Buf) for Interference (Minor) at 1:10, Greg Campbell (Buf) for Delaying the game (Minor) at 3:48, Niclas Bergfors (Buf) for Hooking (Minor) at 7:09, Darryl Sydor (Har) for Hooking (Minor) at 8:18, Boyd Devereaux (Buf) for Hooking (Minor) at 10:46, Todd Bertuzzi (Har) for Roughing (Minor) at 14:02, Dave Tanabe (Buf) for Slashing (Minor) at 18:27
Goalie Stats
Niklas Backstrom (Buf), 30 saves from 35 shots - (0,857), L, 1-2-1, 60:00 minutes
Vesa Toskala (Har), 24 saves from 27 shots - (0,889), W, 1-0-0, 60:00 minutes
Players Stats for Sabres
Player Name G A P +/- PIM S H SB GA TA FO MP PP MP PK MP
------------------------------------------------------------------------------------
Andreas Johansson 1 0 1 2 0 2 2 0 0 1 0/0 14:59 4:32 1:27
Boyd Devereaux 1 0 1 -1 4 4 0 0 0 1 7/12 12:56 0:18 5:49
Brendan Morrison 1 1 2 2 2 3 2 0 1 0 10/21 17:03 5:24 0:53
Daniel Cleary 0 0 0 -1 0 1 2 0 0 0 0/0 11:28 0:52 2:38
Dave Tanabe 0 0 0 -1 2 0 0 1 0 1 0/0 17:27 3:58 0:41
Drew Fata 0 0 0 0 0 0 0 1 0 2 0/0 20:09 0:11 7:04
Ethan Moreau 0 0 0 0 0 1 0 0 0 0 0/0 5:21 0:07 0:00
Greg Campbell 0 0 0 -1 2 1 1 0 0 0 2/6 10:08 0:00 2:07
Jason Ward 0 1 1 0 0 1 2 1 1 0 6/7 9:40 0:05 2:40
Markus Naslund 0 0 0 -1 0 1 4 2 0 1 1/2 24:26 4:37 7:02
Martin Sonnenberg 0 0 0 -1 2 1 1 0 0 0 0/0 9:54 0:54 0:00
Mats Sundin 0 0 0 0 0 1 1 0 1 1 14/24 16:50 4:04 0:08
Mattias Timander 0 0 0 1 0 0 1 1 0 0 0/0 18:19 6:06 0:35
Michal Rozsival 0 1 1 0 2 2 1 1 0 1 0/0 21:41 6:06 3:26
Niclas Bergfors 0 1 1 2 4 2 2 0 0 0 0/0 14:52 5:23 0:00
Ole-Kristian Tollefsen 0 0 0 0 0 0 1 3 1 0 0/0 20:26 0:02 6:40
Pavol Demitra 0 0 0 0 0 6 4 0 2 0 0/0 16:56 4:01 0:00
Sami Salo 0 1 1 -1 0 1 1 1 2 0 0/0 22:07 3:49 4:18
Players Stats for Whalers
Player Name G A P +/- PIM S H SB GA TA FO MP PP MP PK MP
------------------------------------------------------------------------------------
Andy McDonald 0 0 0 0 0 1 1 2 0 2 1/1 18:15 4:44 1:53
Antoine Vermette 0 0 0 -2 0 2 2 0 0 0 1/3 17:21 6:38 0:00
B.J. Crombeen 0 1 1 0 0 2 1 0 1 0 0/0 8:50 0:00 0:00
Brad Stuart 0 0 0 0 0 3 1 2 1 0 0/0 23:49 5:21 4:19
Chad Kilger 2 0 2 3 0 2 0 0 0 0 0/0 6:16 0:00 2:52
Dan McGillis 1 1 2 2 2 1 0 2 0 1 0/0 21:06 5:21 3:37
Darryl Sydor 0 1 1 0 2 2 4 0 0 1 0/0 22:37 6:01 0:56
Daymond Langkow 0 0 0 -1 2 1 1 1 0 0 1/4 10:59 0:00 1:34
Dominic Moore 1 0 1 2 0 1 1 0 0 0 4/9 10:50 0:59 5:08
Filip Kuba 0 1 1 -2 2 3 0 1 2 1 0/0 23:49 6:01 0:14
Mark Eaton 0 0 0 0 0 1 0 2 0 0 0/0 14:23 0:00 5:33
Michael Rupp 0 0 0 -2 2 2 4 0 2 1 6/14 16:12 3:45 0:32
Nils Ekman 0 2 2 2 0 1 2 0 0 1 1/1 8:46 0:00 5:19
Pavel Datsyuk 0 2 2 0 0 4 2 1 1 0 18/37 23:17 6:38 2:54
Ray Whitney 0 0 0 0 0 5 0 0 0 1 0/0 10:18 0:00 0:00
Sami Kapanen 0 0 0 -2 0 2 1 1 0 0 0/1 14:25 3:45 0:00
Shaone Morrisonn 0 0 0 0 0 0 0 1 0 0 0/0 14:23 0:00 5:33
Todd Bertuzzi 1 0 1 0 4 2 1 0 1 0 0/2 20:24 7:36 0:00
3 Stars
1 - Chad Kilger (Har)
2 - Brendan Morrison (Buf)
3 - Andreas Johansson (Buf)
Power Play
Sabres - 0 on 6 Attempt(s) - 0,00%
Whalers - 2 on 8 Attempt(s) - 25,00%
Penalty Kill
Sabres - 6 on 8 Attempt(s) - 75,00%
- Score 0 goal in Penalty Kill
Whalers - 6 on 6 Attempt(s) - 100,00%
- Score 0 goal in Penalty Kill
Official
Referees : Auger Stephane and Pollock Kevin
Linesman : Mark Shewchyk and Pierre Champoux
Game Notes
No Game Note
Sabres
5 vs 5 Forward
Center Left Wing Right Wing Time % Phy DF OF
1 Mats Sundin Markus Naslund Pavol Demitra 35 1 2 2
2 Brendan Morrison Andreas Johansson Niclas Bergfors 30 0 3 2
3 Greg Campbell Martin Sonnenberg Daniel Cleary 20 2 2 1
4 Boyd Devereaux Ethan Moreau Jason Ward 15 0 4 1
5 vs 5 Defense
Defense Defense Time % Phy DF OF
1 Michal Rozsival Mattias Timander 36 1 3 1
2 Ole-Kristian Tollefsen Sami Salo 34 2 2 1
3 Dave Tanabe Drew Fata 30 0 4 1
4 Dave Tanabe Drew Fata 0 0 5 0
PowerPlay Forward
Center Left Wing Right Wing Time % Phy DF OF
1 Brendan Morrison Markus Naslund Niclas Bergfors 60 1 2 2
2 Mats Sundin Andreas Johansson Pavol Demitra 40 1 2 2
PowerPlay Defense
Defense Defense Time % Phy DF OF
1 Michal Rozsival Mattias Timander 60 0 2 3
2 Dave Tanabe Sami Salo 40 0 2 3
Penalty Kill 4 Players Forward
Center Wing Time % Phy DF OF
1 Boyd Devereaux Markus Naslund 60 0 4 1
2 Greg Campbell Daniel Cleary 40 1 4 0
Penalty Kill 4 Players Defense
Defense Defense Time % Phy DF OF
1 Ole-Kristian Tollefsen Drew Fata 60 1 4 0
2 Michal Rozsival Sami Salo 40 1 3 1
Penalty Kill - 3 Players Forward
Forward Time % Phy DF OF
1 Boyd Devereaux 60 0 5 0
2 Greg Campbell 40 0 5 0
Penalty Kill - 3 Players Defense
Defense Defense Time % Phy DF OF
1 Dave Tanabe Drew Fata 60 0 5 0
2 Michal Rozsival Sami Salo 40 1 4 0
4 vs 4 Forward
Center Wing Time % Phy DF OF
1 Brendan Morrison Pavol Demitra 50 1 3 1
2 Mats Sundin Markus Naslund 50 1 2 2
4 vs 4 Defense
Defense Defense Time % Phy DF OF
1 Ole-Kristian Tollefsen Sami Salo 60 1 4 0
2 Dave Tanabe Drew Fata 40 0 5 0
Last Minutes Offensive
Center Left Wing Right Wing Defense Defense
Brendan Morrison Markus Naslund Mats Sundin Michal Rozsival Sami Salo
Last Minutes Defensive
Center Left Wing Right Wing Defense Defense
Boyd Devereaux Markus Naslund Daniel Cleary Ole-Kristian Tollefsen Drew Fata
Goaltenders
Starting : Niklas Backstrom
Backup : Scott Clemmensen
Extra Forwards
Normal : Jason Ward, Martin Sonnenberg, Andreas Johansson - PP : Martin Sonnenberg, Daniel Cleary - PK : Jason Ward
Extra Defensemen
Normal : Mattias Timander, Michal Rozsival, Ole-Kristian Tollefsen - PP : Ole-Kristian Tollefsen - PK : Mattias Timander, Dave Tanabe
Penalty Shots
Mats Sundin, Markus Naslund, Pavol Demitra, Niclas Bergfors, Brendan Morrison
Whalers
5 vs 5 Forward
Center Left Wing Right Wing Time % Phy DF OF
1 Pavel Datsyuk Andy McDonald Todd Bertuzzi 40 1 1 3
2 Michael Rupp Antoine Vermette Sami Kapanen 30 1 1 3
3 Daymond Langkow Ray Whitney B.J. Crombeen 20 1 2 2
4 Dominic Moore Chad Kilger Nils Ekman 10 1 3 1
5 vs 5 Defense
Defense Defense Time % Phy DF OF
1 Filip Kuba Brad Stuart 40 1 3 1
2 Darryl Sydor Dan McGillis 30 1 3 1
3 Mark Eaton Shaone Morrisonn 20 1 3 1
4 Darryl Sydor Filip Kuba 10 1 2 2
PowerPlay Forward
Center Left Wing Right Wing Time % Phy DF OF
1 Pavel Datsyuk Antoine Vermette Todd Bertuzzi 60 1 1 3
2 Michael Rupp Andy McDonald Sami Kapanen 40 1 1 3
PowerPlay Defense
Defense Defense Time % Phy DF OF
1 Darryl Sydor Filip Kuba 60 1 1 3
2 Dan McGillis Brad Stuart 40 1 1 3
Penalty Kill 4 Players Forward
Center Wing Time % Phy DF OF
1 Dominic Moore Nils Ekman 60 1 4 0
2 Pavel Datsyuk Chad Kilger 40 1 3 1
Penalty Kill 4 Players Defense
Defense Defense Time % Phy DF OF
1 Mark Eaton Shaone Morrisonn 60 1 3 1
2 Dan McGillis Brad Stuart 40 1 3 1
Penalty Kill - 3 Players Forward
Forward Time % Phy DF OF
1 Dominic Moore 60 1 4 0
2 Pavel Datsyuk 40 1 3 1
Penalty Kill - 3 Players Defense
Defense Defense Time % Phy DF OF
1 Mark Eaton Dan McGillis 60 1 4 0
2 Shaone Morrisonn Brad Stuart 40 1 4 0
4 vs 4 Forward
Center Wing Time % Phy DF OF
1 Pavel Datsyuk Todd Bertuzzi 60 1 2 2
2 Daymond Langkow Andy McDonald 40 1 2 2
4 vs 4 Defense
Defense Defense Time % Phy DF OF
1 Darryl Sydor Filip Kuba 60 1 2 2
2 Dan McGillis Brad Stuart 40 1 2 2
Last Minutes Offensive
Center Left Wing Right Wing Defense Defense
Pavel Datsyuk Andy McDonald Todd Bertuzzi Darryl Sydor Filip Kuba
Last Minutes Defensive
Center Left Wing Right Wing Defense Defense
Pavel Datsyuk Andy McDonald Todd Bertuzzi Darryl Sydor Filip Kuba
Goaltenders
Starting : Vesa Toskala
Backup : Maxime Ouellet
Extra Forwards
Normal : Ray Whitney, Michael Rupp, Dominic Moore - PP : Ray Whitney, Michael Rupp - PK : Dominic Moore
Extra Defensemen
Normal : Mark Eaton, Shaone Morrisonn, Dan McGillis - PP : Mark Eaton - PK : Shaone Morrisonn, Dan McGillis
Penalty Shots
Pavel Datsyuk, Todd Bertuzzi, Sami Kapanen, Andy McDonald, Antoine Vermette
% Time on Ice - Sabres
Lines # - Real PCT - Wanted PCT - Time Play
Normal Forward
1 - 34% - 35% - 11:53
2 - 28% - 30% - 9:43
3 - 23% - 20% - 7:57
4 - 15% - 15% - 5:12
Normal Defense
1 - 36% - 36% - 12:30
2 - 33% - 34% - 11:21
3 - 31% - 30% - 10:54
4 - 0% - 0% - 0:00
PP Forward
1 - 54% - 60% - 5:26
2 - 46% - 40% - 4:40
PP Defense
1 - 60% - 60% - 6:06
2 - 40% - 40% - 4:00
PK Forward
1 - 76% - 60% - 8:36
2 - 24% - 40% - 2:46
PK Defense
1 - 59% - 60% - 6:40
2 - 41% - 40% - 4:42
PK3 Forward
1 - 0% - 60%
2 - 0% - 40%
PK3 Defense
1 - 0% - 60%
2 - 0% - 40%
44 Forward
1 - 50% - 50% - 1:53
2 - 50% - 50% - 1:54
44 Defense
1 - 70% - 60% - 2:39
2 - 30% - 40% - 1:08
Last Minute Offensive - 0:00
Last Minute Defensive - 0:00
Total
Forward - 60:00
Defense - 60:00
|
% Time on Ice - Whalers
Lines # - Real PCT - Wanted PCT - Time Play
Normal Forward
1 - 34% - 40% - 11:51
2 - 31% - 30% - 10:42
3 - 25% - 20% - 8:50
4 - 10% - 10% - 3:22
Normal Defense
1 - 38% - 40% - 13:14
2 - 31% - 30% - 10:36
3 - 24% - 20% - 8:26
4 - 7% - 10% - 2:29
PP Forward
1 - 67% - 60% - 7:37
2 - 33% - 40% - 3:45
PP Defense
1 - 53% - 60% - 6:01
2 - 47% - 40% - 5:21
PK Forward
1 - 72% - 60% - 7:14
2 - 28% - 40% - 2:52
PK Defense
1 - 55% - 60% - 5:33
2 - 45% - 40% - 4:33
PK3 Forward
1 - 0% - 60%
2 - 0% - 40%
PK3 Defense
1 - 0% - 60%
2 - 0% - 40%
44 Forward
1 - 85% - 60% - 3:13
2 - 15% - 40% - 0:34
44 Defense
1 - 58% - 60% - 2:12
2 - 42% - 40% - 1:35
Last Minute Offensive - 0:00
Last Minute Defensive - 0:00
Total
Forward - 60:00
Defense - 60:00
|
Play by Play
1st period
0:01 of 1st period - Mats Sundin wins face-off versus Todd Bertuzzi in neutral zone.
0:26 of 1st period - Andreas Johansson is hit by Michael Rupp and loses puck.
0:35 of 1st period - Snap shot by Michael Rupp.
0:35 of 1st period - Stopped by Niklas Backstrom without a rebound.
0:36 of 1st period - Greg Campbell wins face-off versus Daymond Langkow in Sabres zone.
0:48 of 1st period - Daniel Cleary is hit by Darryl Sydor and loses puck.
1:03 of 1st period - Dan McGillis is hit by Jason Ward and loses puck.
1:12 of 1st period - Snap shot by Jason Ward.
1:12 of 1st period - Deflect By Ethan Moreau.
1:12 of 1st period - Stopped by Vesa Toskala without a rebound.
1:13 of 1st period - Pavel Datsyuk wins face-off versus Brendan Morrison in Whalers zone.
1:42 of 1st period - Icing by Mark Eaton.
1:43 of 1st period - Pavel Datsyuk wins face-off versus Greg Campbell in Whalers zone.
2:04 of 1st period - Pavel Datsyuk is hit by Martin Sonnenberg and loses puck.
2:15 of 1st period - Snap shot by Pavel Datsyuk.
2:15 of 1st period - Shot Misses the Net.
2:17 of 1st period - Snap shot by Pavel Datsyuk.
2:17 of 1st period - Shot Blocked by Mattias Timander.
2:31 of 1st period - Snap shot by Todd Bertuzzi.
2:31 of 1st period - Stopped by Niklas Backstrom without a rebound.
2:32 of 1st period - Mats Sundin wins face-off versus Michael Rupp in Sabres zone.
2:37 of 1st period - Slapshot by Mats Sundin.
2:37 of 1st period - Deflect By Pavol Demitra.
2:37 of 1st period - Stopped by Vesa Toskala without a rebound.
2:38 of 1st period - Mats Sundin wins face-off versus Michael Rupp in Whalers zone.
2:47 of 1st period - Slapshot by Michael Rupp.
2:47 of 1st period - Shot Misses the Net.
2:49 of 1st period - Wrist shot by Antoine Vermette.
2:49 of 1st period - Shot Blocked by Drew Fata.
2:51 of 1st period - Snap shot by Antoine Vermette.
2:51 of 1st period - Stopped by Niklas Backstrom with a rebound.
3:09 of 1st period - Slapshot by Filip Kuba.
3:09 of 1st period - Stopped by Niklas Backstrom without a rebound.
3:10 of 1st period - Michael Rupp wins face-off versus Boyd Devereaux in Sabres zone.
3:39 of 1st period - Minor Penalty to Michael Rupp for Hooking.
3:39 of 1st period - Minor Penalty to Boyd Devereaux for Slashing.
3:40 of 1st period - Pavel Datsyuk wins face-off versus Brendan Morrison in Whalers zone.
3:51 of 1st period - Snap shot by Pavel Datsyuk.
3:51 of 1st period - Shot Misses the Net.
3:55 of 1st period - Wrist shot by Pavel Datsyuk.
3:55 of 1st period - Shot Blocked by Ole-Kristian Tollefsen.
3:57 of 1st period - Snap shot by Todd Bertuzzi.
3:57 of 1st period - Shot Blocked by Ole-Kristian Tollefsen.
4:07 of 1st period - Darryl Sydor is hit by Sami Salo and loses puck.
4:22 of 1st period - Andy McDonald is hit by Markus Naslund and loses puck.
5:37 of 1st period - Dan McGillis is hit by Jason Ward and loses puck.
5:39 of 1st period - Penalty to Michael Rupp is over, Michael Rupp is back on ice.
5:39 of 1st period - Penalty to Boyd Devereaux is over, Boyd Devereaux is back on ice.
6:22 of 1st period - Snap shot by Jason Ward.
6:22 of 1st period - Shot Misses the Net.
6:24 of 1st period - Wrist shot by Martin Sonnenberg.
6:24 of 1st period - Stopped by Vesa Toskala without a rebound.
6:25 of 1st period - Mats Sundin wins face-off versus Daymond Langkow in Whalers zone.
6:30 of 1st period - Wrist shot by Pavol Demitra.
6:30 of 1st period - Shot Blocked by Mark Eaton.
6:42 of 1st period - Dave Tanabe is hit by B.J. Crombeen and loses puck.
6:49 of 1st period - Shaone Morrisonn is hit by Pavol Demitra and loses puck.
6:58 of 1st period - Snap shot by Pavol Demitra.
6:58 of 1st period - Shot Blocked by Mark Eaton.
7:42 of 1st period - Wrist shot by Mats Sundin.
7:42 of 1st period - Shot Blocked by Daymond Langkow.
7:48 of 1st period - Wrist shot by Mats Sundin.
7:48 of 1st period - Deflect By Pavol Demitra.
7:48 of 1st period - Stopped by Vesa Toskala without a rebound.
7:48 of 1st period - Minor Penalty to Daymond Langkow for Hooking.
7:49 of 1st period - Dominic Moore wins face-off versus Brendan Morrison in Whalers zone.
8:26 of 1st period - Dominic Moore is hit by Daniel Cleary.
8:36 of 1st period - Slapshot by Michal Rozsival.
8:36 of 1st period - Deflect By Boyd Devereaux.
8:36 of 1st period - Deflect By Pavel Datsyuk.
8:36 of 1st period - Stopped by Vesa Toskala with a rebound.
9:32 of 1st period - Daniel Cleary is hit by Andy McDonald and loses puck.
9:48 of 1st period - Penalty to Daymond Langkow is over, Daymond Langkow is back on ice.
9:49 of 1st period - Wrist shot by Jason Ward.
9:49 of 1st period - Deflect By Boyd Devereaux.
9:49 of 1st period - Goal by Boyd Devereaux - Sabres : 1 - Whalers : 0.
9:50 of 1st period - Boyd Devereaux wins face-off versus Michael Rupp in neutral zone.
9:53 of 1st period - Slapshot by Sami Salo.
9:53 of 1st period - Deflect By Boyd Devereaux.
9:53 of 1st period - Shot Misses the Net.
9:53 of 1st period - Puck is out of play.
9:54 of 1st period - Boyd Devereaux wins face-off versus Antoine Vermette in Whalers zone.
9:57 of 1st period - Snap shot by Boyd Devereaux.
9:57 of 1st period - Shot Misses the Net.
10:03 of 1st period - Slapshot by Boyd Devereaux.
10:03 of 1st period - Stopped by Vesa Toskala without a rebound.
10:04 of 1st period - Brendan Morrison wins face-off versus Michael Rupp in Whalers zone.
10:07 of 1st period - Snap shot by Andreas Johansson.
10:07 of 1st period - Goal by Andreas Johansson - Sabres : 2 - Whalers : 0.
10:08 of 1st period - Brendan Morrison wins face-off versus Todd Bertuzzi in neutral zone.
10:17 of 1st period - Wrist shot by Brendan Morrison.
10:17 of 1st period - Shot Blocked by Andy McDonald.
10:33 of 1st period - Mats Sundin is hit by Michael Rupp and loses puck.
11:18 of 1st period - Sami Salo is hit by Todd Bertuzzi and loses puck.
12:00 of 1st period - Icing by Sami Salo.
12:01 of 1st period - Dominic Moore wins face-off versus Mats Sundin in Sabres zone.
12:04 of 1st period - Wrist shot by Nils Ekman.
12:04 of 1st period - Deflect By Mats Sundin.
12:04 of 1st period - Shot Blocked by Sami Salo.
12:04 of 1st period - Puck is out of play.
12:05 of 1st period - Brendan Morrison wins face-off versus Pavel Datsyuk in Sabres zone.
12:19 of 1st period - Off-side.
12:20 of 1st period - Mats Sundin wins face-off versus Michael Rupp in neutral zone.
14:54 of 1st period - Wrist shot by Chad Kilger.
14:54 of 1st period - Goal by Chad Kilger - Sabres : 2 - Whalers : 1.
14:55 of 1st period - Pavel Datsyuk wins face-off versus Mats Sundin in neutral zone.
15:22 of 1st period - Mark Eaton is hit by Andreas Johansson and loses puck.
15:27 of 1st period - Backhand shot by Brendan Morrison.
15:27 of 1st period - Shot Blocked by Shaone Morrisonn.
15:41 of 1st period - Snap shot by Niclas Bergfors.
15:41 of 1st period - Shot Misses the Net.
15:43 of 1st period - Wrist shot by Jason Ward.
15:43 of 1st period - Stopped by Vesa Toskala without a rebound.
15:44 of 1st period - Jason Ward wins face-off versus Dominic Moore in Whalers zone.
16:39 of 1st period - Icing by Sami Kapanen.
16:40 of 1st period - Michael Rupp wins face-off versus Brendan Morrison in Whalers zone.
16:40 of 1st period - Michael Rupp is hit by Brendan Morrison.
16:48 of 1st period - Snap shot by Brendan Morrison.
16:48 of 1st period - Deflect By Andreas Johansson.
16:48 of 1st period - Shot Misses the Net.
16:48 of 1st period - Puck is out of play.
16:49 of 1st period - Brendan Morrison wins face-off versus Pavel Datsyuk in Whalers zone.
17:06 of 1st period - Minor Penalty to Brendan Morrison for Hooking.
17:07 of 1st period - Antoine Vermette wins face-off versus Boyd Devereaux in Sabres zone.
17:55 of 1st period - Snap shot by Greg Campbell.
17:55 of 1st period - Stopped by Vesa Toskala without a rebound.
17:56 of 1st period - Boyd Devereaux wins face-off versus Pavel Datsyuk in Whalers zone.
17:57 of 1st period - Slapshot by Michal Rozsival.
17:57 of 1st period - Shot Blocked by Pavel Datsyuk.
18:16 of 1st period - Icing by Andy McDonald.
18:17 of 1st period - Michael Rupp wins face-off versus Greg Campbell in Whalers zone.
18:30 of 1st period - Snap shot by Pavel Datsyuk.
18:30 of 1st period - Stopped by Niklas Backstrom without a rebound.
18:31 of 1st period - Pavel Datsyuk wins face-off versus Boyd Devereaux in Sabres zone.
18:32 of 1st period - Wrist shot by Todd Bertuzzi.
18:32 of 1st period - Goal by Todd Bertuzzi - Sabres : 2 - Whalers : 2.
18:33 of 1st period - Mats Sundin wins face-off versus Pavel Datsyuk in neutral zone.
18:46 of 1st period - Filip Kuba is hit by Markus Naslund and loses puck.
19:04 of 1st period - Snap shot by Michael Rupp.
19:04 of 1st period - Deflect By Sami Kapanen.
19:04 of 1st period - Stopped by Niklas Backstrom without a rebound.
19:05 of 1st period - Brendan Morrison wins face-off versus Michael Rupp in Sabres zone.
19:35 of 1st period - Snap shot by Niclas Bergfors.
19:35 of 1st period - Stopped by Vesa Toskala with a rebound.
19:41 of 1st period - Snap shot by Brendan Morrison.
19:41 of 1st period - Goal by Brendan Morrison - Sabres : 3 - Whalers : 2.
19:42 of 1st period - Mats Sundin wins face-off versus Pavel Datsyuk in neutral zone.
2nd period
0:01 of 2nd period - Andy McDonald wins face-off versus Mats Sundin in neutral zone.
0:16 of 2nd period - Slapshot by Markus Naslund.
0:16 of 2nd period - Stopped by Vesa Toskala with a rebound.
0:26 of 2nd period - Andreas Johansson is hit by Michael Rupp and loses puck.
0:55 of 2nd period - Snap shot by Daniel Cleary.
0:55 of 2nd period - Shot Misses the Net.
0:57 of 2nd period - Slapshot by Daniel Cleary.
0:57 of 2nd period - Stopped by Vesa Toskala with a rebound.
1:07 of 2nd period - Slapshot by Dan McGillis.
1:07 of 2nd period - Shot Misses the Net.
1:09 of 2nd period - Slapshot by Nils Ekman.
1:09 of 2nd period - Shot Blocked by Ole-Kristian Tollefsen.
1:11 of 2nd period - Wrist shot by Dominic Moore.
1:11 of 2nd period - Shot Blocked by Jason Ward.
1:13 of 2nd period - Wrist shot by Dominic Moore.
1:13 of 2nd period - Goal by Dominic Moore - Sabres : 3 - Whalers : 3.
1:14 of 2nd period - Pavel Datsyuk wins face-off versus Mats Sundin in neutral zone.
1:23 of 2nd period - Slapshot by Pavel Datsyuk.
1:23 of 2nd period - Shot Blocked by Michal Rozsival.
1:25 of 2nd period - Wrist shot by Todd Bertuzzi.
1:25 of 2nd period - Shot Misses the Net.
1:29 of 2nd period - Wrist shot by Pavel Datsyuk.
1:29 of 2nd period - Stopped by Niklas Backstrom with a rebound.
1:35 of 2nd period - Brad Stuart is hit by Markus Naslund and loses puck.
1:54 of 2nd period - Wrist shot by Niclas Bergfors.
1:54 of 2nd period - Shot Misses the Net.
1:56 of 2nd period - Slapshot by Mattias Timander.
1:56 of 2nd period - Shot Hit the Post.
2:16 of 2nd period - Snap shot by B.J. Crombeen.
2:16 of 2nd period - Shot Misses the Net.
2:43 of 2nd period - Icing by Mark Eaton.
2:44 of 2nd period - Mats Sundin wins face-off versus Pavel Datsyuk in Whalers zone.
3:17 of 2nd period - Niclas Bergfors is hit by Darryl Sydor and loses puck.
3:25 of 2nd period - Minor Penalty to Dan McGillis for Hooking.
3:26 of 2nd period - Brendan Morrison wins face-off versus Dominic Moore in Whalers zone.
4:04 of 2nd period - Snap shot by Markus Naslund.
4:04 of 2nd period - Shot Misses the Net.
4:06 of 2nd period - Slapshot by Brendan Morrison.
4:06 of 2nd period - Stopped by Vesa Toskala without a rebound.
4:07 of 2nd period - Mats Sundin wins face-off versus Dominic Moore in Whalers zone.
4:20 of 2nd period - Snap shot by Pavol Demitra.
4:20 of 2nd period - Shot Misses the Net.
4:54 of 2nd period - Niclas Bergfors is hit by Nils Ekman and loses puck.
5:25 of 2nd period - Penalty to Dan McGillis is over, Dan McGillis is back on ice.
5:39 of 2nd period - Snap shot by Daniel Cleary.
5:39 of 2nd period - Shot Blocked by Brad Stuart.
5:42 of 2nd period - Minor Penalty to Martin Sonnenberg for Tripping.
5:43 of 2nd period - Boyd Devereaux wins face-off versus Pavel Datsyuk in Sabres zone.
5:43 of 2nd period - Boyd Devereaux is hit by Pavel Datsyuk.
5:55 of 2nd period - Wrist shot by Pavel Datsyuk.
5:55 of 2nd period - Shot Misses the Net.
6:09 of 2nd period - Boyd Devereaux is hit by Darryl Sydor and loses puck.
6:53 of 2nd period - Minor Penalty to Todd Bertuzzi for Tripping.
6:54 of 2nd period - Pavel Datsyuk wins face-off versus Brendan Morrison in Whalers zone.
6:59 of 2nd period - Snap shot by Darryl Sydor.
6:59 of 2nd period - Stopped by Niklas Backstrom without a rebound.
7:00 of 2nd period - Pavel Datsyuk wins face-off versus Brendan Morrison in Sabres zone.
7:05 of 2nd period - Wrist shot by Filip Kuba.
7:05 of 2nd period - Deflect By Ray Whitney.
7:05 of 2nd period - Stopped by Niklas Backstrom with a rebound.
7:24 of 2nd period - Slapshot by Brendan Morrison.
7:24 of 2nd period - Shot Misses the Net.
7:26 of 2nd period - Slapshot by Sami Salo.
7:26 of 2nd period - Stopped by Vesa Toskala with a rebound.
7:28 of 2nd period - Backhand shot by Pavol Demitra.
7:28 of 2nd period - Stopped by Vesa Toskala without a rebound.
7:29 of 2nd period - Mats Sundin wins face-off versus Pavel Datsyuk in Whalers zone.
7:42 of 2nd period - Penalty to Martin Sonnenberg is over, Martin Sonnenberg is back on ice.
7:52 of 2nd period - Minor Penalty to Niclas Bergfors for Hooking.
7:53 of 2nd period - Mats Sundin wins face-off versus Pavel Datsyuk in Sabres zone.
8:53 of 2nd period - Penalty to Todd Bertuzzi is over, Todd Bertuzzi is back on ice.
8:55 of 2nd period - Snap shot by Todd Bertuzzi.
8:55 of 2nd period - Shot Misses the Net.
9:52 of 2nd period - Penalty to Niclas Bergfors is over, Niclas Bergfors is back on ice.
9:57 of 2nd period - Snap shot by Dominic Moore.
9:57 of 2nd period - Shot Misses the Net.
10:23 of 2nd period - Wrist shot by Niclas Bergfors.
10:23 of 2nd period - Stopped by Vesa Toskala with a rebound.
10:25 of 2nd period - Wrist shot by Jason Ward.
10:25 of 2nd period - Shot Misses the Net.
10:27 of 2nd period - Slapshot by Boyd Devereaux.
10:27 of 2nd period - Stopped by Vesa Toskala without a rebound.
10:28 of 2nd period - Michael Rupp wins face-off versus Greg Campbell in Whalers zone.
10:28 of 2nd period - Michael Rupp is hit by Mattias Timander.
10:54 of 2nd period - Daymond Langkow is hit by Pavol Demitra and loses puck.
11:26 of 2nd period - Snap shot by Brendan Morrison.
11:26 of 2nd period - Stopped by Vesa Toskala without a rebound.
11:27 of 2nd period - Daymond Langkow wins face-off versus Brendan Morrison in Whalers zone.
11:27 of 2nd period - Daymond Langkow is hit by Ole-Kristian Tollefsen.
11:35 of 2nd period - Wrist shot by Andreas Johansson.
11:35 of 2nd period - Stopped by Vesa Toskala without a rebound.
11:36 of 2nd period - Mats Sundin wins face-off versus Michael Rupp in Whalers zone.
11:37 of 2nd period - Wrist shot by Pavol Demitra.
11:37 of 2nd period - Stopped by Vesa Toskala with a rebound.
11:45 of 2nd period - Mats Sundin is hit by Antoine Vermette and loses puck.
12:06 of 2nd period - Dan McGillis is hit by Niclas Bergfors.
12:28 of 2nd period - Snap shot by Ray Whitney.
12:28 of 2nd period - Stopped by Niklas Backstrom with a rebound.
13:11 of 2nd period - Minor Penalty to Filip Kuba for Hooking.
13:12 of 2nd period - Brendan Morrison wins face-off versus Dominic Moore in Whalers zone.
13:17 of 2nd period - Snap shot by Niclas Bergfors.
13:17 of 2nd period - Deflect By Brendan Morrison.
13:17 of 2nd period - Shot Misses the Net.
13:17 of 2nd period - Puck is out of play.
13:18 of 2nd period - Brendan Morrison wins face-off versus Dominic Moore in Whalers zone.
13:31 of 2nd period - Snap shot by Brendan Morrison.
13:31 of 2nd period - Shot Misses the Net.
14:13 of 2nd period - Snap shot by Pavel Datsyuk.
14:13 of 2nd period - Shot Misses the Net.
15:11 of 2nd period - Penalty to Filip Kuba is over, Filip Kuba is back on ice.
15:18 of 2nd period - Snap shot by Brad Stuart.
15:18 of 2nd period - Stopped by Niklas Backstrom without a rebound.
15:19 of 2nd period - Michael Rupp wins face-off versus Greg Campbell in Sabres zone.
15:32 of 2nd period - Greg Campbell is hit by Michael Rupp and loses puck.
16:16 of 2nd period - Snap shot by Michael Rupp.
16:16 of 2nd period - Stopped by Niklas Backstrom without a rebound.
16:17 of 2nd period - Pavel Datsyuk wins face-off versus Mats Sundin in Sabres zone.
16:26 of 2nd period - Todd Bertuzzi is hit by Markus Naslund and loses puck.
17:09 of 2nd period - Dave Tanabe is hit by Dominic Moore and loses puck.
17:14 of 2nd period - Wrist shot by Nils Ekman.
17:14 of 2nd period - Stopped by Niklas Backstrom without a rebound.
17:15 of 2nd period - Pavel Datsyuk wins face-off versus Mats Sundin in Sabres zone.
17:40 of 2nd period - Daymond Langkow is hit by Niclas Bergfors and loses puck.
17:49 of 2nd period - Snap shot by Daymond Langkow.
17:49 of 2nd period - Deflect By Ray Whitney.
17:49 of 2nd period - Stopped by Niklas Backstrom without a rebound.
17:50 of 2nd period - Mats Sundin wins face-off versus Pavel Datsyuk in Sabres zone.
17:57 of 2nd period - Snap shot by Pavol Demitra.
17:57 of 2nd period - Shot Misses the Net.
18:34 of 2nd period - Snap shot by B.J. Crombeen.
18:34 of 2nd period - Stopped by Niklas Backstrom with a rebound.
18:36 of 2nd period - Snap shot by Ray Whitney.
18:36 of 2nd period - Stopped by Niklas Backstrom with a rebound.
18:38 of 2nd period - Snap shot by Darryl Sydor.
18:38 of 2nd period - Stopped by Niklas Backstrom with a rebound.
18:40 of 2nd period - Snap shot by Ray Whitney.
18:40 of 2nd period - Stopped by Niklas Backstrom without a rebound.
18:41 of 2nd period - Pavel Datsyuk wins face-off versus Mats Sundin in Sabres zone.
18:52 of 2nd period - Wrist shot by Pavol Demitra.
18:52 of 2nd period - Stopped by Vesa Toskala with a rebound.
19:31 of 2nd period - Ole-Kristian Tollefsen is hit by Daymond Langkow and loses puck.
3rd period
0:01 of 3rd period - Pavel Datsyuk wins face-off versus Mats Sundin in neutral zone.
0:06 of 3rd period - Slapshot by Pavol Demitra.
0:06 of 3rd period - Stopped by Vesa Toskala with a rebound.
0:08 of 3rd period - Slapshot by Michal Rozsival.
0:08 of 3rd period - Stopped by Vesa Toskala without a rebound.
0:09 of 3rd period - Pavel Datsyuk wins face-off versus Mats Sundin in Whalers zone.
0:30 of 3rd period - Snap shot by Andy McDonald.
0:30 of 3rd period - Stopped by Niklas Backstrom without a rebound.
0:31 of 3rd period - Brendan Morrison wins face-off versus Michael Rupp in Sabres zone.
0:31 of 3rd period - Brendan Morrison is hit by Sami Kapanen.
0:57 of 3rd period - Darryl Sydor is hit by Pavol Demitra and loses puck.
1:05 of 3rd period - Off-side.
1:06 of 3rd period - Pavel Datsyuk wins face-off versus Brendan Morrison in neutral zone.
1:06 of 3rd period - Todd Bertuzzi is hit by Andreas Johansson and loses puck.
1:10 of 3rd period - Minor Penalty to Michal Rozsival for Interference.
1:11 of 3rd period - Boyd Devereaux wins face-off versus Pavel Datsyuk in Sabres zone.
1:11 of 3rd period - Boyd Devereaux is hit by Pavel Datsyuk.
2:04 of 3rd period - Dan McGillis is hit by Daniel Cleary.
3:10 of 3rd period - Penalty to Michal Rozsival is over, Michal Rozsival is back on ice.
3:18 of 3rd period - Snap shot by Chad Kilger.
3:18 of 3rd period - Shot Misses the Net.
3:20 of 3rd period - Wrist shot by Chad Kilger.
3:20 of 3rd period - Goal by Chad Kilger - Sabres : 3 - Whalers : 4.
3:21 of 3rd period - Brendan Morrison wins face-off versus Daymond Langkow in neutral zone.
3:26 of 3rd period - Slapshot by Michal Rozsival.
3:26 of 3rd period - Stopped by Vesa Toskala with a rebound.
3:32 of 3rd period - Snap shot by B.J. Crombeen.
3:32 of 3rd period - Stopped by Niklas Backstrom with a rebound.
3:34 of 3rd period - Backhand shot by Ray Whitney.
3:34 of 3rd period - Deflect By Daymond Langkow.
3:34 of 3rd period - Stopped by Niklas Backstrom with a rebound.
3:46 of 3rd period - Andy McDonald is hit by Greg Campbell and loses puck.
3:48 of 3rd period - Minor Penalty to Greg Campbell for Delaying the game.
3:49 of 3rd period - Markus Naslund wins face-off versus Antoine Vermette in Sabres zone.
3:57 of 3rd period - Off-side.
3:58 of 3rd period - Boyd Devereaux wins face-off versus Pavel Datsyuk in neutral zone.
4:07 of 3rd period - Slapshot by Filip Kuba.
4:07 of 3rd period - Stopped by Niklas Backstrom with a rebound.
4:45 of 3rd period - Wrist shot by Pavel Datsyuk.
4:45 of 3rd period - Shot Blocked by Markus Naslund.
4:49 of 3rd period - Slapshot by Pavel Datsyuk.
4:49 of 3rd period - Stopped by Niklas Backstrom without a rebound.
4:50 of 3rd period - Jason Ward wins face-off versus Sami Kapanen in Sabres zone.
4:56 of 3rd period - Icing by Brad Stuart.
4:57 of 3rd period - Michael Rupp wins face-off versus Jason Ward in Whalers zone.
5:48 of 3rd period - Penalty to Greg Campbell is over, Greg Campbell is back on ice.
6:15 of 3rd period - Filip Kuba is hit by Michal Rozsival and loses puck.
6:22 of 3rd period - Pavol Demitra is hit by Nils Ekman and loses puck.
6:45 of 3rd period - Snap shot by Michal Rozsival.
6:45 of 3rd period - Shot Blocked by Andy McDonald.
6:47 of 3rd period - Snap shot by Daniel Cleary.
6:47 of 3rd period - Shot Misses the Net.
6:57 of 3rd period - Boyd Devereaux is hit by Antoine Vermette and loses puck.
7:04 of 3rd period - Slapshot by Sami Kapanen.
7:04 of 3rd period - Stopped by Niklas Backstrom with a rebound.
7:09 of 3rd period - Minor Penalty to Niclas Bergfors for Hooking.
7:10 of 3rd period - Boyd Devereaux wins face-off versus Pavel Datsyuk in Sabres zone.
7:10 of 3rd period - Boyd Devereaux is hit by Darryl Sydor.
7:24 of 3rd period - Slapshot by Filip Kuba.
7:24 of 3rd period - Shot Misses the Net.
7:26 of 3rd period - Slapshot by Dan McGillis.
7:26 of 3rd period - Goal by Dan McGillis - Sabres : 3 - Whalers : 5.
7:27 of 3rd period - Mats Sundin wins face-off versus Pavel Datsyuk in neutral zone.
7:52 of 3rd period - Niclas Bergfors is hit by Brad Stuart and loses puck.
8:18 of 3rd period - Minor Penalty to Darryl Sydor for Hooking.
8:19 of 3rd period - Dominic Moore wins face-off versus Brendan Morrison in Whalers zone.
8:36 of 3rd period - Dominic Moore is hit by Brendan Morrison and loses puck.
10:05 of 3rd period - Shaone Morrisonn is hit by Pavol Demitra and loses puck.
10:18 of 3rd period - Penalty to Darryl Sydor is over, Darryl Sydor is back on ice.
10:46 of 3rd period - Minor Penalty to Boyd Devereaux for Hooking.
10:47 of 3rd period - Jason Ward wins face-off versus Pavel Datsyuk in Sabres zone.
10:55 of 3rd period - Off-side.
10:56 of 3rd period - Jason Ward wins face-off versus Pavel Datsyuk in neutral zone.
11:06 of 3rd period - Wrist shot by Antoine Vermette.
11:06 of 3rd period - Stopped by Niklas Backstrom without a rebound.
11:07 of 3rd period - Jason Ward wins face-off versus Pavel Datsyuk in Sabres zone.
11:18 of 3rd period - Slapshot by Filip Kuba.
11:18 of 3rd period - Stopped by Niklas Backstrom without a rebound.
11:19 of 3rd period - Jason Ward wins face-off versus Pavel Datsyuk in Sabres zone.
12:46 of 3rd period - Penalty to Boyd Devereaux is over, Boyd Devereaux is back on ice.
13:19 of 3rd period - Snap shot by B.J. Crombeen.
13:19 of 3rd period - Shot Blocked by Dave Tanabe.
13:59 of 3rd period - Wrist shot by Mats Sundin.
13:59 of 3rd period - Stopped by Vesa Toskala without a rebound.
14:00 of 3rd period - Pavel Datsyuk wins face-off versus Brendan Morrison in Whalers zone.
14:02 of 3rd period - Minor Penalty to Todd Bertuzzi for Roughing.
14:03 of 3rd period - Dominic Moore wins face-off versus Mats Sundin in Whalers zone.
14:03 of 3rd period - Dominic Moore is hit by Mats Sundin.
14:09 of 3rd period - Snap shot by Pavol Demitra.
14:09 of 3rd period - Shot Misses the Net.
14:11 of 3rd period - Snap shot by Mats Sundin.
14:11 of 3rd period - Shot Blocked by Dan McGillis.
14:13 of 3rd period - Wrist shot by Mats Sundin.
14:13 of 3rd period - Deflect By Pavol Demitra.
14:13 of 3rd period - Shot Blocked by Dan McGillis.
14:13 of 3rd period - Puck is out of play.
14:14 of 3rd period - Nils Ekman wins face-off versus Brendan Morrison in Whalers zone.
14:59 of 3rd period - Slapshot by Mark Eaton.
14:59 of 3rd period - Stopped by Niklas Backstrom with a rebound.
15:23 of 3rd period - Backhand shot by Brad Stuart.
15:23 of 3rd period - Stopped by Niklas Backstrom with a rebound.
16:02 of 3rd period - Penalty to Todd Bertuzzi is over, Todd Bertuzzi is back on ice.
16:35 of 3rd period - Icing by Antoine Vermette.
16:36 of 3rd period - Greg Campbell wins face-off versus Pavel Datsyuk in Whalers zone.
17:03 of 3rd period - Snap shot by Boyd Devereaux.
17:03 of 3rd period - Shot Blocked by Brad Stuart.
17:24 of 3rd period - Slapshot by Niclas Bergfors.
17:24 of 3rd period - Shot Blocked by Sami Kapanen.
17:26 of 3rd period - Snap shot by Brendan Morrison.
17:26 of 3rd period - Shot Blocked by Filip Kuba.
18:12 of 3rd period - Wrist shot by Pavel Datsyuk.
18:12 of 3rd period - Shot Misses the Net.
18:27 of 3rd period - Minor Penalty to Dave Tanabe for Slashing.
18:28 of 3rd period - Pavel Datsyuk wins face-off versus Boyd Devereaux in Sabres zone.
18:31 of 3rd period - Wrist shot by Pavel Datsyuk.
18:31 of 3rd period - Shot Misses the Net.
18:33 of 3rd period - Wrist shot by Pavel Datsyuk.
18:33 of 3rd period - Shot Misses the Net.
18:35 of 3rd period - Backhand shot by Brad Stuart.
18:35 of 3rd period - Stopped by Niklas Backstrom with a rebound.
18:37 of 3rd period - Slapshot by Brad Stuart.
18:37 of 3rd period - Deflect By Pavel Datsyuk.
18:37 of 3rd period - Shot Blocked by Markus Naslund.
18:37 of 3rd period - Puck is out of play.
18:38 of 3rd period - Pavel Datsyuk wins face-off versus Markus Naslund in Sabres zone.
18:45 of 3rd period - Wrist shot by Pavel Datsyuk.
18:45 of 3rd period - Stopped by Niklas Backstrom without a rebound.
18:46 of 3rd period - Pavel Datsyuk wins face-off versus Boyd Devereaux in Sabres zone.
18:55 of 3rd period - Slapshot by Boyd Devereaux.
18:55 of 3rd period - Shot Misses the Net.
Output by the SimonT Hockey Simulator (STHS) for François Prévost -- Original Page W3C XHTML 1.0 Valid